cohdb
Replays
Latest Replays
All Replays
Popular Replays
Top Player Replays
Match Explorer
How It Works
Community
CoH3 Stats
Reddit
Sign in to upload your games and track your stats! →
Sign in with Steam
Match 44533068
Unlisted
Match 44533068
Overview
Messages
Build Orders
End
Construct Infanterie Kompanie
Selects Mechanized Battlegroup
MG 42 Machine Gun Team
MG 42 Machine Gun Team
Grenadier Squad
Grenadier Squad
MG 42 Bunker
Construct Panzergrenadier Kompanie
Selects Spotting Scopes
Construct Panzer Kompanie
Stoßtruppen Squad
Selects Wespe Self-propelled Artillery
MG 42 Bunker
Panzer IV Medium Tank
Pioneer Squad
Wespe Self-propelled Artillery
MG 42 Bunker
Panzer IV Medium Tank
Panzer IV Medium Tank
Side Skirts
Selects Zeroing Artillery Barrage
Zeroing Artillery Barrage
Selects Raid Package
泰伦
Abazur
Jarkke
你的磊爸爸
⁂ | Mad_Korean
Ceruman
dnjsxorla35
흐르는 예성강
0
0
Comments
sign in to comment!
No comments posted yet!